Map: Catalyst LE

Players

Erfeyah - Winner!

  • Race: Terran Terran
  • Spawn Location: 11:00

A.I. 1 (Medium)

  • Race: Zerg Zerg
  • Spawn Location: 5:00

VOD

Have the link to the VOD?

Description

Time

  • Played on: Nov. 28, 2017, 4:52 p.m.
  • Length: 17:13
Show
View Real Time Build Order
Export as new Build Order

Erfeyah Terran - Winner!

Build Orders:  

Get SALT Encoding   

  12  0:05  SCV  
  13  0:26  SCV  
  14  0:38  SCV  
  15  0:52  Supply Depot  
  15  1:11  Refinery  
  15  1:13  SCV  
  16  1:22  Barracks  
  16  1:26  SCV  
  17  1:38  SCV  
  18  1:41  Supply Depot  
  18  1:55  SCV  
  19  2:03  Supply Depot  
  19  2:07  SCV  
  20  2:09  Supply Depot  
  20  2:14  Barracks  
  20  2:16  Marine  
  21  2:34  SCV, Marine  
  23  2:46  SCV  
  23  2:47  Supply Depot  
  24  2:52  Marine  
  25  2:59  Orbital Command  
  25  3:10  Marine  
  26  3:27  Marine  
  26  3:28  SCV  
  28  3:37  Command Center  
  28  3:40  SCV  
  29  3:45  Marine  
  30  3:52  SCV  
  31  4:00  Barracks  
  31  4:03  Marine  
  32  4:33  Supply Depot  
  32  4:36  Marine x2  
  34  4:53  Marine  
  34  4:54  Marine  
  36  5:00  Orbital Command  
  36  5:02  SCV  
  37  5:08  Marine  
  37  5:11  Marine x2  
  40  5:14  SCV  
  41  5:26  SCV, Marine  
  43  5:29  Marine x2  
  43  5:31  Factory  
  45  5:44  Marine  
  45  5:47  Marine x2  
  31  6:02  Marine  
  32  6:05  Marine  
  30  6:23  SCV  
  31  6:34  Marine x3  
  31  6:36  SCV  
  35  6:48  SCV  
  35  6:52  Marine x3  
  39  6:54  Starport  
  39  6:55  Starport  
  39  6:57  Starport  
  39  7:00  SCV  
  40  7:10  Marine x3  
  43  7:21  Supply Depot  
  43  7:27  Marine  
  43  7:28  Marine x2  
  46  7:36  Supply Depot  
  46  7:40  Supply Depot  
  46  7:45  Marine  
  46  7:46  Marine  
  46  7:49  SCV  
  50  7:59  SCV  
  50  8:01  SCV  
  50  8:03  Marine x2  
  54  8:07  Marine  
  54  8:11  SCV  
  55  8:13  SCV  
  56  8:21  Marine x2  
  56  8:23  SCV  
  56  8:25  Marine  
  56  8:26  SCV  
  61  8:27  Medivac x3  
  67  8:35  SCV  
  67  8:38  SCV  
  67  8:39  Marine x2  
  71  8:41  Refinery  
  71  8:42  Marine  
  72  8:49  Refinery  
  72  8:57  Medivac x2, Marine x2  
  78  9:19  SCV x2  
  78  9:22  Marine x2  
  78  9:23  Marine  
  83  9:24  Medivac  
  85  9:31  SCV x2  
  87  9:40  Marine x3  
  87  9:43  SCV x2  
  86  9:58  Marine x3  
  89  10:16  Marine x3  
  92  10:33  Marine  
  92  10:34  Marine x2  
  91  11:00  SCV  
  91  11:01  SCV  
  91  11:02  Marine x3  
  91  11:03  Medivac  
  91  11:04  Medivac x2  
  102  11:34  SCV, Marine  
  102  11:35  Marine  
  102  11:36  Marine  
  102  11:38  SCV  
  101  11:43  Medivac  
  102  11:47  SCV  
  102  11:48  Medivac  
  102  11:50  SCV  
  102  11:51  Medivac  
  102  12:22  Supply Depot  
  102  12:24  Supply Depot  
  102  12:25  Supply Depot  
  102  12:27  Supply Depot  
  102  12:43  Marine x3  
  102  12:44  SCV x2  
  107  12:56  SCV  
  108  12:59  Medivac x3  
  108  13:01  Marine x3  
  117  13:19  Marine x3  
  120  13:29  Medivac x2  
  124  13:37  Marine x3  
  125  13:55  Marine x3  
  128  14:13  Marine x3  
  131  14:49  Marine x3  
  133  14:55  Medivac  
  133  15:01  Medivac  
  133  15:04  Medivac  
  133  15:07  Marine x2  
  132  15:08  Marine  
  131  15:24  Marine  
  131  15:25  Medivac, Marine  
  131  15:26  Marine  
  133  15:38  Medivac  
  134  15:58  Marine  
  134  16:00  Medivac  
Show
View Real Time Build Order
Export as new Build Order

A.I. 1 (Medium) Zerg 

Build Orders: Pool First 

Get SALT Encoding   

  12  0:01  Drone  
  13  0:12  Overlord  
  13  0:17  Drone  
  14  0:31  Drone  
  14  0:33  Drone  
  16  0:42  Spawning Pool  
  15  0:44  Drone  
  15  0:48  Drone  
  17  0:51  Extractor  
  17  0:56  Drone  
  17  1:06  Overlord  
  17  1:29  Queen  
  17  1:31  Zergling x2  
  20  1:36  Zergling x2  
  20  1:37  Roach Warren  
  20  1:38  Drone, Extractor  
  20  1:49  Drone  
  20  1:52  Baneling Nest  
  20  2:00  Drone  
  21  2:11  Drone  
  22  2:21  Zergling x2  
  23  2:32  Zergling x2  
  23  2:36  Zergling x2, Overlord  
  25  2:41  Zergling x2  
  26  2:45  Zergling x2  
  26  2:50  Baneling x2  
  27  2:54  Zergling x2  
  28  2:59  Baneling x2  
  28  3:05  Zergling x2  
  29  3:08  Drone, Evolution Chamber  
  29  3:10  Zergling x2  
  29  3:11  Drone  
  31  3:17  Drone  
  32  3:28  Overlord  
  32  3:39  Drone  
  33  3:42  Drone  
  33  3:45  Drone  
  33  3:48  Drone  
  36  5:08  Lair, Drone, Roach  
  36  5:09  Overlord  
  36  5:10  Spore Crawler  
  36  5:11  Drone, Spore Crawler  
  38  5:14  Drone  
  38  5:21  Roach  
  41  5:27  Drone, Overlord  
  42  5:33  Ravager  
  43  5:41  Spine Crawler  
  43  5:42  Drone  
  41  5:43  Roach  
  38  5:53  Drone, Spine Crawler  
  38  5:55  Ravager  
  40  5:57  Roach  
  40  6:05  Queen  
  40  6:06  Overseer x2  
  40  6:08  Infestation Pit  
  40  6:09  Drone  
  40  6:11  Zergling x2, Hydralisk Den  
  41  6:12  Drone  
  41  6:26  Spire  
  41  6:32  Evolution Chamber  
  39  6:34  Drone  
  40  6:40  Hydralisk  
  40  6:45  Hatchery  
  41  6:52  Hydralisk  
  41  6:53  Drone  
  44  7:04  Hydralisk  
  46  7:17  Hydralisk  
  48  7:57  Queen, Drone  
  51  8:00  Drone  
  51  8:03  Drone  
  53  8:06  Drone  
  53  8:08  Extractor  
  53  8:09  Drone  
  53  8:11  Spore Crawler  
  53  8:12  Drone  
  54  8:14  Drone, Spore Crawler  
  54  8:17  Drone  
  55  8:20  Drone  
  55  8:23  Drone  
  55  8:26  Drone  
  58  8:29  Drone  
  58  8:32  Drone  
  58  8:33  Overlord  
  60  8:35  Drone  
  60  8:37  Drone  
  60  8:39  Spine Crawler  
  60  8:40  Spine Crawler  
  60  8:42  Drone  
  60  8:45  Drone  
  62  8:48  Drone  
  62  8:51  Drone  
  62  8:54  Drone  
  65  8:57  Drone  
  65  9:00  Drone  
  67  9:04  Drone  
  68  9:10  Overlord  
  68  9:18  Corruptor, Pneumatized Carapace, Hive  
  68  9:22  Overseer  
  70  9:29  Infestor  
  70  9:31  Overlord  
  72  9:41  Corruptor  
  70  9:49  Zerg Melee Weapons Level 1  
  55  9:53  Infestor  
  55  9:54  Zerg Ground Armor Level 1  
  57  10:01  Overseer  
  57  10:04  Zergling x2  
  58  10:14  Extractor  
  57  10:31  Greater Spire  
  57  10:32  Corruptor  
  57  10:34  Overseer  
  55  10:37  Drone, Overlord  
  55  10:40  Drone  
  53  10:44  Overseer  
  50  10:54  Zergling x2  
  50  10:57  Overlord  
  51  10:59  Spore Crawler  
  51  11:03  Overlord  
  48  11:05  Spore Crawler  
  48  11:07  Overseer  
  42  11:11  Overlord  
  38  11:24  Zergling x2  
  35  11:31  Overlord  
  35  11:32  Overseer  
  29  11:33  Overseer  
  29  11:35  Corruptor  
  29  11:38  Drone  
  29  11:40  Drone  
  29  11:43  Drone  
  29  11:46  Infestor  
  30  11:48  Drone  
  32  11:57  Overlord  
  32  11:58  Corruptor  
  34  12:07  Overseer  
  34  12:10  Brood Lord  
  34  12:15  Zergling x2  
  37  12:20  Hatchery  
  37  12:21  Hatchery  
  35  12:35  Extractor  
  34  12:40  Brood Lord  
  36  12:44  Drone  
  36  12:50  Drone  
  38  12:54  Drone  
  39  13:02  Roach  
  41  13:11  Overlord  
  41  13:19  Roach  
  43  13:29  Infestor  
  43  13:34  Drone  
  41  13:47  Infestor  
  37  13:53  Roach  
  35  14:00  Overlord  
  35  14:13  Overseer  
  30  14:31  Roach  
  25  14:39  Hydralisk  
  23  14:51  Overlord  
  23  14:57  Zergling x2  
  21  15:07  Drone  
  21  15:09  Spawning Pool  
  16  15:28  Drone  
  14  15:31  Drone  
  14  15:34  Drone  
  11  15:45  Hatchery  
  10  15:57  Zergling x2  
  11  16:12  Drone  
  11  16:17  Drone  
  13  16:22  Drone  
  14  16:27  Drone  
  15  16:33  Drone  
  14  16:44  Drone  
  13  16:57  Drone  
Tags
 
Matchup
TvZ
Opening
Pool First
Spawn Locations
Cross Positions
Add a new tag
Caveats
  • Supply blocks, unpowered buildings, or Contaminate may cause inaccurate times.
  • Supply counts are checked every 10 seconds.